 Dungeon Crawl Stone Soup version 0.21.1 (webtiles) character file.

555 Fascinator the Skirmisher (level 7, -1/56 HPs)
             Began as a Mummy Fighter on Feb 4, 2018.
             Was an Initiate of Okawaru.
             Slain by an ogre
             ... wielding a +0 giant club
              (14 damage)
             ... on level 5 of the Dungeon.
             The game lasted 00:07:36 (4329 turns).

Fascinator the Skirmisher (Mummy Fighter)           Turns: 4329, Time: 00:07:37

Health: -1/56      AC: 11    Str: 21    XL:     7   Next: 8%
Magic:  7/7        EV:  3    Int:  8    God:    Okawaru [......]
Gold:   144        SH:  9    Dex: 11    Spells: 6/6 levels left

rFire    x . .     SeeInvis .   o - +0 hand axe (flame)
rCold    + . .     Gourm    .   c - +0 shield
rNeg     + + +     Faith    .   j - +0 plate armour
rPois    ∞         Spirit   .   (no helmet)
rElec    .         Reflect  .   (no cloak)
rCorr    .         Harm     .   (no gloves)
MR       .....                  (no boots)
Stlth    ..........             (no amulet)
HPRegen  0.18/turn              (no ring)
MPRegen  0.10/turn              (no ring)

@: no status effects
A: no food or potions, fire vulnerability, cold resistance 1, negative energy
resistance 3, torment resistance, unbreathing
a: Renounce Religion


You were on level 5 of the Dungeon.
You worshipped Okawaru.
Okawaru was noncommittal.
You were not hungry.

You visited 2 branches of the dungeon, and saw 6 of its levels.

You collected 144 gold pieces.

Inventory:

Hand Weapons
 o - a +0 hand axe of flaming (weapon)
Missiles
 a - a throwing net (quivered)
Armour
 c - a +0 shield (worn)
 j - a +0 plate armour (worn)
Magical Staves
 n - an uncursed staff of wizardry {unknown}
Jewellery
 b - a +4 ring of protection {unknown}
 f - an uncursed amulet of guardian spirit {unknown}
 p - a +3 ring of strength {unknown}
Wands
 k - a wand of polymorph (15)
Scrolls
 d - 2 scrolls of enchant armour {unknown}
 e - 5 scrolls of blinking {unknown}
 g - 3 scrolls of teleportation {unknown}
 h - a scroll of amnesia {unknown}
 i - 2 scrolls of random uselessness {unknown}
 l - a scroll of remove curse {unknown}
 m - 2 scrolls of immolation {unknown}
 q - 2 scrolls of identify {unknown}
Books
 r - a book of Maledictions

   Spells                             Type                      Level
   a - Corona                         Hexes                        1
   b - Ensorcelled Hibernation        Hexes/Ice                    2
   c - Confuse                        Hexes                        3
   d - Tukima's Dance                 Hexes                        3
   e - Dazzling Spray                 Conjuration/Hexes            3


   Skills:
 * Level 5.6 Fighting
 + Level 3.1 Axes
 + Level 3.6 Armour
 + Level 3.6 Shields


You had 6 spell levels left.
You didn't know any spells.

Dungeon Overview and Level Annotations

Branches:
Dungeon (5/15)             Temple (1/1) D:4

Altars:
Dithmenos
Gozag
Hepliaklqana
Makhleb
Nemelex Xobeh
Okawaru
Qazlal
Ru
Sif Muna
Trog
Vehumet
Wu Jian
Xom
Zin
The Shining One


Innate Abilities, Weirdness & Mutations

You do not eat or drink.
Your flesh is vulnerable to fire.
You are immune to poison.
Your flesh is cold resistant. (rC+)
You are immune to negative energy. (rN+++)
You are immune to unholy pain and torment.
You can survive without breathing.


Message History

The ogre hits you with a giant club.
You hit the ogre. You burn the ogre.
The ogre is heavily wounded.
You block the ogre's attack.
You hit the ogre. You burn the ogre.
The ogre is severely wounded.
You hit the ogre. You burn the ogre.
The ogre is almost dead.
The ogre hits you with a giant club!!
* * * LOW HITPOINT WARNING * * *
You hit the ogre but do no damage.
The ogre is almost dead.
You block the ogre's attack.
You hit the ogre but do no damage.
The ogre is almost dead.
The ogre barely misses you.
You hit the ogre. You burn the ogre.
The ogre is almost dead.
The ogre hits you with a giant club!
You die...

............## #
.............# .#
.............##.#
................
..............#
.............#
......O......##..#
......†@..........
.....#.....######.
..# ###.### #..##
# < ##..# . ..#
##.# .#
#...###.####.###
.....>......(...
.)..............


You could see an ogre.

Vanquished Creatures
  2 ogres
  3 hounds
  2 orc wizards (D:4)
  3 worker ants
  6 adders
  A howler monkey skeleton (D:4)
  An adder skeleton (D:4)
  A worm (D:3)
  8 dart slugs
  A leopard gecko (D:1)
  15 orcs
  7 bats
  5 giant cockroaches
  5 goblins
  5 hobgoblins
  4 quokkas (D:2)
  2 frilled lizards
  5 kobolds
  A quokka skeleton (D:5)
  8 rats
85 creatures vanquished.

Notes
Turn   | Place    | Note
-------+----------+-------------------------------------------
     0 | D:1      | Fascinator the Mummy Fighter began the quest for the Orb.
     0 | D:1      | Reached XP level 1. HP: 18/18 MP: 1/1
   293 | D:1      | Reached XP level 2. HP: 22/24 MP: 2/2
   873 | D:2      | Reached XP level 3. HP: 26/29 MP: 3/3
  1515 | D:2      | Reached skill level 4 in Fighting
  1515 | D:2      | Reached XP level 4. HP: 27/37 MP: 4/4
  1771 | D:2      | Found a sacrificial altar of Ru.
  1846 | D:4      | Reached XP level 5. HP: 32/42 MP: 5/5
  2186 | D:3      | Noticed an ogre
  2220 | D:3      | Killed an ogre
  2538 | D:3      | Reached XP level 6. HP: 49/50 MP: 6/6
  2800 | D:3      | Found a burning altar of Makhleb.
  2818 | D:3      | Reached skill level 5 in Fighting
  3182 | D:4      | Found a staircase to the Ecumenical Temple.
  3191 | Temple   | Entered the Ecumenical Temple
  3246 | Temple   | Became a worshipper of Warmaster Okawaru
  3347 | D:4      | Found a bloodstained altar of Trog.
  3855 | D:5      | Entered Level 5 of the Dungeon
  4027 | D:5      | Reached XP level 7. HP: 7/56 MP: 7/7
  4329 | D:5      | Slain by an ogre

Skill      XL: |  1  2  3  4  5  6 |
---------------+-------------------+-----
Axes           | 2 3 |  3.1
Fighting       | 4 5 |  5.6
Armour         | 3 |  3.6
Shields        | 3 |  3.6

Action                   |  1- 3 |  4- 6 |  7- 9 || total
-------------------------+-------+-------+-------++-------
Melee: War axe           |   155 |   132 |       ||   287
       Hand axe          |       |   101 |    17 ||   118
Armor: Scale mail        |    17 |       |       ||    17
       Plate armour      |   101 |   190 |     3 ||   294
Dodge: Dodged            |    43 |    37 |     3 ||    83
Block: Shield            |   100 |   112 |     6 ||   218
